 Dungeon Crawl Stone Soup version 0.18-a0-1577-gf591c28 (webtiles) character file.

117 Ijustatesigmund the Insei (level 5, -1/36 HPs)
             Began as an Octopode Transmuter on Mar 18, 2016.
             Hit by a goblin thrown by Robin (3 damage)
             ... on level 3 of the Dungeon.
             The game lasted 00:06:59 (2288 turns).

Ijustatesigmund the Insei (Octopode Transmuter)     Turns: 2288, Time: 00:07:00

Health: -1/36      AC:  1    Str:  9    XL:     5   Next: 1%
Magic:  9/9        EV: 12    Int: 16    God:
Gold:   99         SH:  0    Dex: 13    Spells: 3 memorised, 3 levels left

rFire  . . .     SeeInvis .       - Unarmed
rCold  . . .     Gourm    .     (no shield)
rNeg   . . .     Faith    .     (helmet restricted)
rPois  .         Spirit   .     (no amulet)
rElec  .         Dismiss  .     (no ring)
rCorr  .         Reflect  .     (no ring)
SustAt .         Harm     .     (no ring)
MR     .....                    (no ring)
Stlth  ++........               (no ring)
                                (no ring)
                                (no ring)
                                (no ring)

@: not resistant to hostile enchantments, unstealthy
A: almost no armour, amphibious, 8 rings, constrict 8, camouflage 1, gelatinous
body 1
a: no special abilities


You were on level 3 of the Dungeon.
You were not hungry.

You visited 1 branch of the dungeon, and saw 3 of its levels.

You collected 99 gold pieces.

Inventory:

Missiles
 a - 66 arrows
 g - 15 arrows of frost
Armour
 p - a +0 buckler
Scrolls
 f - a scroll of remove curse
 o - a scroll of teleportation
 q - a scroll of enchant armour
Potions
 d - a potion of mutation
 e - 2 potions of heal wounds
 k - a potion of might
 l - a potion of curing
 m - a potion of flight
Books
 b - a book of Changes

   Spells                             Type                      Level
   a - Beastly Appendage              Transmutation                1
   b - Sticks to Snakes               Transmutation                2
   c - Spider Form                    Transmutation/Poison         3
   d - Ice Form                       Ice/Transmutation            4
   e - Blade Hands                    Transmutation                5
Comestibles
 c - 2 bread rations
 h - 3 meat rations
 i - 3 fruits


   Skills:
 + Level 2.8 Fighting
 - Level 2.0 Dodging
 + Level 3.9 Unarmed Combat
 - Level 2.6 Spellcasting
 - Level 2.0 Transmutations
 + Level 1.6 Poison Magic


You had 3 spell levels left.
You knew the following spells:

 Your Spells              Type           Power        Failure   Level  Hunger
a - Beastly Appendage     Trmt           #.....       10%         1    #......
b - Sticks to Snakes      Trmt           #.......     14%         2    ##.....
c - Spider Form           Trmt/Pois      #.........   34%         3    ###....


Dungeon Overview and Level Annotations

Branches:
Dungeon (3/15)

Altars:
Ashenzari
Elyvilon
Okawaru

Annotations:
D:3 Robin


Innate Abilities, Weirdness & Mutations

You cannot wear most types of armour.
You are amphibious.
You can wear up to eight rings at the same time.
You can use your tentacles to constrict eight enemies at once.
Your skin changes colour to match your surroundings (Stealth).
Your rubbery body absorbs attacks (AC +1).


Message History

You tentacle-slap the dart slug. You grab the dart slug.
The dart slug is heavily wounded.
You constrict the dart slug. The goblin closely misses you.
The goblin barely misses you. The goblin hits you but does no damage.
The goblin hits you. x2
You tentacle-slap the dart slug but do no damage.
You squeeze the dart slug.
You kill the dart slug!
You have reached level 5!
You feel agile. The goblin hits you. The goblin barely misses you.
The goblin closely misses you. x2
You tentacle-slap the goblin.
You kill the goblin!
The goblin hits you.
* * * LOW HITPOINT WARNING * * *
The goblin hits you.
* * * LOW HITPOINT WARNING * * *
Robin throws the goblin at you!
You die...

###..#####_##***,,*,,* *****
#..###.....###,.#*,* *⌠,,,
#.............,.#*,********,,,,
#......#...#.#*.#*,**>,,,,+,,_,
#......#.###'##.##,**#*****,,,,
###......#.........,,...,,,,*⌠,,,
..#......#.......###..##*,*,*****
..#......#.....gggg.....*,*,,,,,,
..#†######.....)@g.K....*,*******
..†.....##......gggg....*,*
#.).....##.......#####..*,*
#.......##.......# **,*,*
##......##...#'### *,*,*
#.........###.# *,,,*
#.........'...# **,,*
#.........##### *,,* #.........#
*,,*


You could see Robin, a hobgoblin (frenzied), 7 goblins and a kobold.

Vanquished Creatures
  Jessica (D:2)
  An adder (D:3)
  2 worms (D:2)
  A dart slug (D:3)
  2 giant geckos (D:2)
  2 orcs (D:3)
  3 ball pythons (D:1)
  2 giant cockroaches
  5 hobgoblins
  8 jackals
  A quokka (D:2)
  4 bats
  2 giant newts
  6 goblins
  6 kobolds
  4 rats
50 creatures vanquished.

Vanquished Creatures (collateral kills)
  An adder (D:2)
  An ooze (D:1)
  A worm (D:2)
  An orc (D:3)
  A quokka (D:3)
  A giant newt (D:3)
  2 kobolds
8 creatures vanquished.

Grand Total: 58 creatures vanquished

Notes
Turn   | Place    | Note
--------------------------------------------------------------
     0 | D:1      | Ijustatesigmund the Octopode Transmuter began the quest for the Orb.
     0 | D:1      | Reached XP level 1. HP: 13/13 MP: 3/3
   195 | D:1      | Reached XP level 2. HP: 18/18 MP: 3/5
   242 | D:1      | Learned a level 2 spell: Sticks to Snakes
   813 | D:2      | Reached XP level 3. HP: 21/24 MP: 6/6
   922 | D:2      | Found a white marble altar of Elyvilon.
  1032 | D:2      | Learned a level 3 spell: Spider Form
  1094 | D:2      | Found an iron altar of Okawaru.
  1663 | D:2      | Noticed Jessica
  1671 | D:2      | Killed Jessica
  1671 | D:2      | Reached XP level 4. HP: 30/30 MP: 6/8
  1947 | D:3      | Reached skill level 1 in Poison Magic
  2199 | D:3      | Found an iron altar of Okawaru.
  2230 | D:3      | Found a shattered altar of Ashenzari.
  2280 | D:3      | Noticed Robin
  2287 | D:3      | Reached XP level 5. HP: 13/36 MP: 9/9
  2288 | D:3      | Hit by a goblin thrown by Robin

Vault maps used:
D:1:      minmay_arrival_arboretum_large, dk_noncrumbling_2
D:2:      lemuel_doored_altar, okawaru_metal_pillars_1_2, uniq_jessica
D:3:      lemuel_upstairs_altar, old_standard_altar,
          cheibrodos_ashenzari_chains, kennysheep_another_room, uniq_robin

Skill      XL: |  1  2  3  4 |
---------------+-------------+-----
Fighting       | 2 |  2.8
Poison Magic   | 1 |  1.6
Dodging        | |  2.0
Unarmed Combat | |  3.9
Spellcasting   | |  2.6
Transmutations | |  2.0

Action                   |  1- 3 |  4- 6 || total
-------------------------+-------+-------++-------
Melee: Unarmed           |    74 |    40 ||   114
 Cast: Beastly Appendage |    13 |     2 ||    15
       Sticks to Snakes  |     6 |     3 ||     9
  Use: Scroll            |    10 |     3 ||    13
       Potion            |     1 |       ||     1
 Stab: Sleeping          |     4 |     1 ||     5
  Eat: Chunk             |     3 |     2 ||     5
